 Seeded DCSS version 0.30.1-4-g462c640d31 (webtiles) character file.

Game seed: 6351066067085065685 (custom seed)

7536 Esekla the Thaumaturge (level 10, 0/53 HPs)
             Began as a Deep Elf Necromancer on Aug 13, 2023.
             Was an Elder of Vehumet.
             Slain by a gnoll sergeant
             ... wielding a +2 antimagic spear
              (13 damage)
             ... on level 9 of the Dungeon.
             The game lasted 01:08:57 (8581 turns).

Esekla the Thaumaturge (Deep Elf Necromancer)       Turns: 8581, Time: 01:08:58

Health: 0/53       AC:  6    Str:  5    XL:     10   Next: 96%
Magic:  30/36      EV: 14    Int: 25    God:    Vehumet [****..]
Gold:   643        SH:  5    Dex: 15    Spells: 12/31 levels left

rFire   . . .        a - +4 scimitar
rCold   . . .        G - +0 buckler
rNeg    . . .        n - +0 robe
rPois   .            N - +1 helmet
rElec   .            J - +0 cloak
rCorr   .            k - +0 pair of gloves
SInv    .            (no boots)
Will    +....        C - amulet of magic regeneration
Stlth   +++          O - ring of magical power
HPRegen 0.28/turn    (no ring)
MPRegen 0.65/turn

%: no passive effects
@: studying Fighting
A: no striking features
a: Renounce Religion


You were on level 9 of the Dungeon.
You worshipped Vehumet.
Vehumet was greatly pleased with you.
You visited 1 branch of the dungeon, and saw 9 of its levels.
You also visited: Bailey.

You collected 643 gold pieces.

Inventory:

Hand Weapons
 a - a +4 scimitar (weapon)
 r - a +4 trident of venom
 s - the +5 rapier of the Hero {heavy, rN+ Dex+3}
   (You found it on level 3 of the Dungeon)

   Dex:       It affects your dexterity (+3).
   rN:        It protects you from negative energy.
 P - the +2 bardiche of Puhoisos {heavy, rElec Stlth+}
   (You found it in a bailey)

   rElec:     It insulates you from electricity.
   Stlth:     It makes you more stealthy.
Missiles
 c - 30 poisoned darts (quivered)
 w - 7 throwing nets
 L - 4 curare-tipped darts
Armour
 k - a +0 pair of gloves (worn)
 n - a +0 robe (worn)
 G - a +0 buckler (worn)
 J - a +0 cloak (worn)
 N - a +1 helmet (worn)
Jewellery
 C - an amulet of magic regeneration (around neck)
 O - a ring of magical power (left hand)
Wands
 A - a wand of flame (9)
 F - a wand of roots (20)
 I - a wand of mindburst (9)
Scrolls
 e - 4 scrolls of fear {unknown}
 l - 2 scrolls of amnesia
 m - a scroll of immolation {unknown}
 q - 3 scrolls of identify
 t - 2 scrolls of fog
 u - 5 scrolls of blinking {unknown}
 v - a scroll of enchant armour {unknown}
 x - 2 scrolls of silence {unknown}
 y - a scroll of summoning {unknown}
 z - 3 scrolls of enchant weapon {unknown}
 B - a scroll of magic mapping {unknown}
 E - 2 scrolls of teleportation
 H - 2 scrolls of poison
 K - 3 scrolls of noise {unknown}
 M - a scroll of torment {unknown}
 Q - a scroll of acquirement
Potions
 b - a potion of magic
 d - 3 potions of ambrosia {unknown}
 f - 6 potions of attraction {unknown}
 g - 3 potions of haste
 h - a potion of mutation {unknown}
 j - 7 potions of curing
 o - 3 potions of brilliance
 p - 2 potions of heal wounds
 D - 2 potions of lignification {unknown}


   Skills:
 * Level 1.7 Fighting
 + Level 4.3(4.8) Short Blades
 + Level 2.8(3.8) Long Blades
 + Level 1.4 Throwing
 * Level 7.4 Dodging
 + Level 5.4 Stealth
 * Level 2.6 Shields
 * Level 11.4 Spellcasting
 * Level 4.2 Conjurations
 + Level 9.7 Necromancy
 * Level 5.2 Translocations
 * Level 3.2 Fire Magic
 * Level 2.7 Ice Magic
 * Level 2.1 Air Magic
 + Level 0.4 Evocations


You had 12 spell levels left.
You knew the following spells:

 Your Spells              Type           Power      Damage    Failure   Level
a - Necrotise             Necr           100%       1d9       1%          1
c - Kiss of Death         Conj/Necr      100%       2d13      1%          1
d - Vampiric Draining     Necr           58%        2d10      1%          3
k - Airstrike             Air            12%        2d(2-18)  9%          4
o - Scorch                Fire           60%        2d7       1%          2
t - Teleport Other        Tloc           40%        N/A       2%          3
z - Freezing Cloud        Conj/Ice/Air   14%        6-21      16%         5

Your spell library contained the following spells:

 Spells                   Type           Power      Damage    Failure   Level
 Lesser Beckoning         Tloc           80%        N/A       1%          2
 Animate Dead             Necr           58%        N/A       1%          4
 Gell's Gravitas          Tloc           40%        N/A       2%          3
 Agony                    Necr           58%        N/A       4%          5
 Spider Form              Tmut/Pois      14%        N/A       22%         3
 Cause Fear               Hex            7%         N/A       58%         4
 Summon Mana Viper        Hex/Summ       14%        N/A       91%         5


Dungeon Overview and Level Annotations

Branches:
Dungeon (9/15)             Temple (0/1) D:6          Bailey (visited)
   Lair: D:8-11         Orc: D:9-12

Altars:
Dithmenos
Fedhas
Hepliaklqana
Nemelex Xobeh
Okawaru
Qazlal
Trog
Uskayaw
Vehumet
Zin
The Shining One

Shops:
D:2 =   D:4 (


Message History

Flames lash the kobold demonologist.
The kobold demonologist is burned terribly!
You kill the kobold demonologist!
Vehumet accepts your kill.
You feel your power returning.
You hit the wyvern.
The wyvern is lightly wounded.
You block the wyvern's attack. x2
You closely miss the wyvern.
The wyvern is lightly wounded.
The wyvern bites you! The wyvern closely misses you.
Casting: Scorch (safe; 1% risk of failure)
Confirm with . or Enter, or press ? or * to list all spells.
Aiming: Vampiric Draining (safe; 1% risk of failure)
Press: ? - help, Shift-Dir - straight line, f - wyvern
Aim: a wyvern (lightly wounded)
You draw life force from the wyvern!
You feel life coursing into your body.
A gnoll comes into view. It is wielding a +0 club.
The wyvern bites you!
Casting: Vampiric Draining (safe; 1% risk of failure)
Confirm with . or Enter, or press ? or * to list all spells.
Aiming: Vampiric Draining (safe; 1% risk of failure)
Press: ? - help, Shift-Dir - straight line, f/p - wyvern
Aim: a wyvern (severely wounded)
You draw life force from the wyvern!
You feel life coursing into your body. The wyvern bites you.
The gnoll sergeant hits you from afar with a +2 antimagic spear.
The wyvern bites you!
* * * LOW HITPOINT WARNING * * *
Casting: Vampiric Draining (safe; 1% risk of failure)
Confirm with . or Enter, or press ? or * to list all spells.
Aiming: Vampiric Draining (safe; 1% risk of failure)
Press: ? - help, Shift-Dir - straight line, f/p - wyvern
Aim: a wyvern (almost dead)
You draw life force from the wyvern!
You kill the wyvern!
Vehumet accepts your kill.
You feel your power returning.
The gnoll sergeant hits you from afar with a +2 antimagic spear!
You die...

♣.#..................#
..########...........#
###......#...........#
.........#...........#
.........#....########
........##....#
........#.....#
........#.....######
........#..g.gg.@..#
#########.....######
....l.........#
..............#######
....##)##...........#
#.#g... #....)......#
K##... #...........#
#.... #...........#
#...####...........#


You could see a gnoll sergeant and 2 gnolls.

Vanquished Creatures
  Harold (D:9)
  2 two-headed ogres
  Pikel (D:6)
  2 orc knights (Bailey)
  Joseph (D:7)
  A kobold demonologist (D:9)
  A steam dragon (D:7)
  2 wyverns
  Menkaure (D:7)
  An ice beast (D:6)
  A sky beast (D:6)
  7 orc warriors (Bailey)
  2 black bears
  2 ogres
  A centaur (D:7)
  A phantom (D:7)
  Blork the orc (D:6)
  2 kobold brigands
  2 gnoll sergeants
  A bullfrog (D:7)
  2 scorpions (D:5)
  3 wights (D:7)
  5 killer bees (D:9)
  2 quasits (D:7)
  2 gnoll boudas
  6 hounds
  A jelly (D:6)
  Crazy Yiuf (D:7)
  4 orc priests
  A sleepcap (D:5)
  5 iguanas
  4 orc wizards
  25 gnolls
  9 adders
  2 shadow imps (D:8)
  6 white imps
  4 ufetubi
  A worm (D:4)
  3 dart slugs
  44 orcs
  6 ball pythons
  4 bats
  4 endoplasms
  9 goblins
  7 hobgoblins
  A quokka (D:1)
  4 frilled lizards
  14 kobolds
  A rat (D:2)
213 creatures vanquished.

Vanquished Creatures (others)
  An orc (D:8)
1 creature vanquished.

Grand Total: 214 creatures vanquished

Notes
Turn   | Place    | Note
-------+----------+-------------------------------------------
     0 | D:1      | Esekla the Deep Elf Necromancer began the quest for the
                  | Orb.
     0 | D:1      | Reached XP level 1. HP: 10/10 MP: 6/6
   122 | D:1      | Reached skill level 5 in Necromancy
   396 | D:4      | Found an iron altar of Okawaru.
   430 | D:4      | Found a glowing silver altar of Zin.
   479 | D:4      | Found a radiant altar of Vehumet.
   483 | D:4      | Became a worshipper of Vehumet
   574 | D:3      | Reached XP level 2. HP: 15/15 MP: 8/8
   756 | D:3      | Identified the +5 rapier of the Hero {heavy, rN+ Dex+3}
   830 | D:2      | Found Renulab's Jewellery Shop.
   956 | D:1      | Reached XP level 3. HP: 18/19 MP: 9/9
   956 | D:1      | Reached * piety under Vehumet
   956 | D:1      | Offered knowledge of Kiss of Death by Vehumet.
  1064 | D:1      | Reached skill level 1 in Short Blades
  1147 | D:2      | Found a faded altar of an unknown god.
  1162 | D:2      | Reached XP level 4. HP: 24/24 MP: 9/11
  1218 | D:2      | Noticed a black bear
  1235 | D:1      | Learned a level 3 spell: Vampiric Draining
  1239 | D:1      | Learned a level 3 spell: Teleport Other
  1241 | D:1      | Learned a level 1 spell: Kiss of Death
  1479 | D:2      | Killed a black bear
  1480 | D:2      | Reached skill level 4 in Spellcasting
  1480 | D:2      | Reached skill level 1 in Translocations
  1480 | D:2      | Reached XP level 5. HP: 26/28 MP: 2/13
  1912 | D:3      | Found a stormy altar of Qazlal.
  1914 | D:3      | Found a bloodstained altar of Trog.
  1993 | D:3      | Found a hazy altar of Hepliaklqana.
  2300 | D:4      | Found a glowing golden altar of the Shining One.
  2322 | D:4      | Reached XP level 6. HP: 30/32 MP: 10/14
  2702 | D:4      | Reached ** piety under Vehumet
  2705 | D:4      | Reached skill level 5 in Spellcasting
  2821 | D:4      | Offered knowledge of Magic Dart by Vehumet.
  2844 | D:4      | Found Ponaysk's Antique Weapon Boutique.
  3008 | D:5      | Entered Level 5 of the Dungeon
  3175 | D:5      | Reached XP level 7. HP: 36/36 MP: 15/17
  3206 | D:5      | Got the Parchment of the Lumpy Olives
  3223 | D:5      | Found a shadowy altar of Dithmenos.
  3580 | D:5      | Reached skill level 5 in Dodging
  3580 | D:5      | Reached skill level 6 in Spellcasting
  3931 | D:6      | Noticed Blork the orc
  3946 | D:6      | Killed Blork the orc
  3947 | D:6      | Reached XP level 8. HP: 32/41 MP: 13/19
  4019 | D:6      | Found a staircase to the Ecumenical Temple.
  4153 | D:6      | Offered knowledge of Scorch by Vehumet.
  4157 | D:6      | Learned a level 2 spell: Scorch
  4158 | D:6      | Noticed Pikel
  4169 | D:6      | Killed Pikel
  4170 | D:6      | Reached skill level 8 in Spellcasting
  4288 | D:6      | Found a blossoming altar of Fedhas.
  4578 | D:6      | Reached *** piety under Vehumet
  4671 | D:6      | Reached skill level 9 in Spellcasting
  4687 | D:7      | Reached XP level 9. HP: 40/45 MP: 21/24
  4733 | D:7      | Noticed Menkaure
  4743 | D:7      | Killed Menkaure
  4744 | D:7      | Reached skill level 5 in Stealth
  4870 | D:7      | Found a runed translucent door.
  4871 | D:7      | Noticed Crazy Yiuf
  4877 | D:7      | Killed Crazy Yiuf
  5216 | D:7      | Reached skill level 1 in Conjurations
  5234 | D:7      | Noticed Joseph
  5444 | D:7      | Offered knowledge of Airstrike by Vehumet.
  5459 | D:6      | Learned a level 4 spell: Airstrike
  5547 | D:7      | Killed Joseph
  5548 | D:7      | Reached skill level 1 in Shields
  5548 | D:7      | Reached skill level 10 in Spellcasting
  5759 | D:8      | Reached skill level 1 in Long Blades
  5852 | D:8      | Reached skill level 1 in Fire Magic
  5968 | D:8      | Reached **** piety under Vehumet
  6120 | D:7      | Offered knowledge of Freezing Cloud by Vehumet.
  6128 | D:7      | Learned a level 5 spell: Freezing Cloud
  6507 | D:8      | Noticed a two-headed ogre
  6513 | D:8      | Found a hide-covered altar of Uskayaw.
  6615 | D:8      | Killed a two-headed ogre
  6616 | D:8      | Reached skill level 1 in Ice Magic
  6616 | D:8      | Reached XP level 10. HP: 50/50 MP: 26/26
  6654 | D:8      | Found a transporter.
  6654 | D:8      | Found a transporter.
  6658 | D:8      | Found a transporter.
  6658 | D:8      | Found a transporter.
  7068 | D:9      | Found a flagged portal.
  7329 | Bailey   | Entered a bailey
  7484 | Bailey   | Identified the +2 bardiche of Puhoisos {heavy, rElec
                  | Stlth+}
  7545 | Bailey   | Reached skill level 1 in Air Magic
  7665 | Bailey   | Noticed an orc knight
  7665 | Bailey   | Noticed an orc knight
  7709 | Bailey   | Killed an orc knight
  7773 | Bailey   | Killed an orc knight
  7774 | Bailey   | Reached skill level 1 in Throwing
  7774 | Bailey   | Reached skill level 11 in Spellcasting
  7774 | Bailey   | Reached skill level 5 in Translocations
  8040 | D:9      | Noticed a two-headed ogre
  8058 | D:9      | Killed a two-headed ogre
  8170 | D:9      | Noticed Harold
  8314 | D:9      | Found a sparkling altar of Nemelex Xobeh.
  8407 | D:9      | Reached skill level 1 in Fighting
  8465 | D:9      | Killed Harold
  8581 | D:9      | Slain by a gnoll sergeant

Illustrated notes

Levels and vault maps discovered:
D:1:      sevenhm_arrival_forest_fort_small_3, layout_rooms,
          chequers_serial_rivers_room_b, minmay_misc_feat_five
D:2:      layout_loops_ring, dreamdust_ecumenical_altar_angels_and_demons,
          serial_shops, shop
D:3:      layout_basic, grunt_temple_overflow_open, minmay_misc_feat_iff
D:4:      layout_basic, nicolae_overflow_quartered_altars, serial_shops,
          nicolae_diamond_shop
D:5:      layout_loops_ring, lemuel_doored_altar, minmay_misc_feat_rows,
          dreamdust_wishing_well
D:6:      layout_loops_cross, fedhas_altar_fruit_tree,
          minmay_temple_entry_glass, uniq_pikel, uniq_blork_the_orc
D:7:      layout_basic, uniq_menkaure, uniq_joseph, uniq_crazy_yiuf_cottage
D:8:      layout_basic, nicolae_uskayaw_dance_hall, serial_demonic,
          serial_demonic_d, serial_demonic_a, serial_demonic_c,
          serial_demonic_c, nicolae_diode_quadrants
D:9:      layout_irregular_city, kennysheep_little_box, enter_bailey_4,
          minmay_between, uniq_harold

Skill      XL: |  1  2  3  4  5  6  7  8  9 10 |
---------------+-------------------------------+-----
Necromancy     | 5 6 7 8 9 |  9.7
Short Blades   | 1 2 3 4 |  4.3
Dodging        | 3 4 5 6 7 |  7.4
Stealth        | 3 4 5 |  5.4
Spellcasting   | 4 5 6 9 10 11 | 11.4
Translocations | 1 2 3 4 5 |  5.2
Conjurations   | 2 4 |  4.2
Shields        | 2 |  2.6
Long Blades    | 2 |  2.8
Fire Magic     | 1 3 |  3.2
Ice Magic      | 1 2 |  2.7
Air Magic      | 2 |  2.1
Throwing       | 1 |  1.4
Fighting       | 1 |  1.7
Evocations     | |  0.4

Action                     |  1- 3 |  4- 6 |  7- 9 | 10-12 || total
---------------------------+-------+-------+-------+-------++-------
  Melee: Short sword       |    41 |       |       |       ||    41
         Unarmed           |     9 |       |       |       ||     9
         Rapier            |    30 |    66 |    77 |     3 ||   176
         Punch             |       |       |     3 |       ||     3
         Scimitar          |       |       |    92 |    78 ||   170
  Throw: Dart              |       |       |    18 |    29 ||    47
   Cast: Vampiric Draining |       |    25 |    80 |    39 ||   144
         Teleport Other    |       |       |     5 |       ||     5
         Scorch            |       |       |     6 |     4 ||    10
  Evoke: Wand              |       |       |    11 |     3 ||    14
    Use: Potion            |       |       |     2 |       ||     2
         Scroll            |       |       |     7 |       ||     7
   Stab: Sleeping          |     4 |     8 |     7 |     2 ||    21
         Distracted        |       |       |     1 |     2 ||     3
 Armour: Robe              |    17 |    19 |    75 |    30 ||   141
  Dodge: Dodged            |    56 |    71 |   254 |   107 ||   488
  Block: Buckler           |       |       |     3 |    31 ||    34
